 Dungeon Crawl Stone Soup version 0.28-a0-563-gf77a47075d (webtiles) character file.

Game seed: 15293971518228294409

210 funkygono the Magician (level 6, -2/41 HPs)
             Began as a Djinni Fire Elementalist on Sept 29, 2021.
             Slain by a gnoll (3 damage)
             ... on level 3 of the Dungeon.
             The game lasted 00:08:36 (4605 turns).

funkygono the Magician (Djinni Fire Elementalist)   Turns: 4605, Time: 00:08:36

Health: -2/41      AC:  4    Str:  7    XL:     6   Next: 12%
Gold:   188        EV: 12    Int: 19    God:
                   SH:  0    Dex: 13

rFire   + + .      SeeInvis .   l - +7 quarterstaff (chaos)
rCold   x . .      Faith    .   (shield currently unavailable)
rNeg    . . .      Spirit   .   a - +0 robe
rPois   ∞          Reflect  .   c - +0 helmet
rElec   .          Harm     .   m - +0 cloak
rCorr   .          Rampage  .   (no gloves)
Will    .....                   (boots unavailable)
Stlth   ++........              (no amulet)
HPRegen 0.13/turn               (no ring)
MPRegen 0.00/turn               (no ring)

@: flying
A: sickness immunity, fire resistance 2, cold vulnerability 1, float, innate
caster, hp casting, extra vitality 1
a: no special abilities


You were on level 3 of the Dungeon.
You visited 1 branch of the dungeon, and saw 3 of its levels.

You collected 188 gold pieces.

Inventory:

Hand Weapons
 b - a +2 whip of electrocution
 d - a +0 short sword
 j - a +1 whip
 l - a +7 quarterstaff of chaos (weapon)
Missiles
 e - 109 stones
Armour
 a - a +0 robe (worn)
 c - a +0 helmet (worn)
 m - a +0 cloak (worn)
Wands
 g - a wand of polymorph (3)
Scrolls
 f - a scroll of teleportation
Potions
 h - a potion of brilliance
 i - a potion of might
 k - 2 potions of curing {unknown}
 n - a potion of heal wounds {unknown}


   Skills:
 + Level 0.6 Fighting
 + Level 0.1 Staves
 + Level 2.7 Dodging
 - Level 1.5 Stealth
 * Level 4.7 Spellcasting


You couldn't memorise any spells.
You knew the following spells:

 Your Spells              Type           Power      Damage    Failure   Level
a - Foxfire               Conj/Fire      88%        2x1d8     1%          1
b - Scorch                Fire           44%        2d7       2%          2
c - Conjure Flame         Conj/Fire      22%        6-21      5%          3
d - Inner Flame           Hex/Fire       22%        N/A       5%          3
e - Flame Wave            Conj/Fire      22%        3d6       19%         4
f - Freeze                Ice            88%        1d10      1%          1
g - Passwall              Tmut/Erth      18%        N/A       2%          2
Your spell library was empty.

Dungeon Overview and Level Annotations

Branches:
Dungeon (3/15)

Altars:
Fedhas
Nemelex Xobeh
Qazlal

Shops:
D:1 !


Innate Abilities, Weirdness & Mutations

You are immune to sickness and miasma.
You are immune to poison.
Your flesh is very heat resistant. (rF++)
You are vulnerable to cold. (rC-)
You float through the air rather than walking.
You learn spells naturally, not from books.
Your magical power is your life essence.
You have superior vitality. (+4 HP)


Message History

Your foxfire dissipates!
The foxfire hits the gnoll.
The gnoll is heavily wounded.
The gnoll throws a throwing net.
The throwing net hits you.
You become entangled in the net!
You see here a throwing net.
You struggle against the net.
The gnoll hits you with a +0 whip.
You struggle against the net.
The gnoll hits you with a +0 whip.
You struggle against the net.
The gnoll hits you with a +0 whip.
You rip the net and break free!
The gnoll hits you with a +0 whip. The gnoll barely misses you.
Casting: Foxfire (safe; 1% risk of failure)
Confirm with . or Enter, or press ? or * to list all spells.
You conjure some foxfire!
The gnoll hits you with a +0 whip.
* * * LOW HITPOINT WARNING * * *
Casting: Foxfire (safe; 1% risk of failure)
Confirm with . or Enter, or press ? or * to list all spells.
You conjure some foxfire!
* * * LOW HITPOINT WARNING * * *
The foxfire hits the gnoll.
The gnoll is almost dead.
The foxfire hits the gnoll.
You kill the gnoll!
The foxfire hits the gnoll.
The gnoll is heavily wounded.
The foxfire hits the gnoll.
The gnoll is severely wounded.
The gnoll closely misses you.
The gnoll throws a throwing net.
The throwing net hits you.
You become entangled in the net!
You see here a throwing net.
You struggle against the net.
The gnoll barely misses you.
You struggle against the net.
The gnoll hits you with a +0 flail.
* * * LOW HITPOINT WARNING * * *
The gnoll hits you from afar with a +0 spear.
* * * LOW HITPOINT WARNING * * *
You shred the net and break free! The gnoll hits you with a +0 flail.
* * * LOW HITPOINT WARNING * * *
The gnoll hits you from afar with a +0 spear.
You die...

.... #.###......# .....
#.g##......# .....###
##.##......# . ...#.. #.##......#
.###+#.#.## #.##.)....#
..........############..#.)....#
...##.##...#..........#.#÷###+##
#..#†#..#.......g..).#...# #.#
.##..†..##......@g....##.÷###'##
....._............g...##...)...##
.##...†.##............#..).....'.
.#..#.#..#............#.....)..##
...##.##.....###.....##........#
#............# #....[##........#
#............# ########.......##
#............ #.......###
#............ #..........


You could see 3 gnolls.

Vanquished Creatures
  Crazy Yiuf (D:2)
  Robin (D:2)
  5 gnolls (D:3)
  2 adders
  A worm (D:3)
  4 dart slugs
  11 ball pythons
  2 endoplasms (D:1)
  A giant cockroach (D:3)
  14 goblins
  7 hobgoblins
  12 jackals
  6 kobolds
  A quokka (D:1)
  3 bats (D:1)
  9 frilled lizards
  12 rats
92 creatures vanquished.

Vanquished Creatures (collateral kills)
  7 foxfires (D:2)
7 creatures vanquished.

Vanquished Creatures (others)
  251 foxfires
  3 fungi (D:2)
  6 plants (D:2)
260 creatures vanquished.

Grand Total: 359 creatures vanquished

Notes
Turn   | Place    | Note
-------+----------+-------------------------------------------
     0 | D:1      | funkygono the Djinni Fire Elementalist began the quest for
                  | the Orb.
     0 | D:1      | Reached XP level 1. HP: 15/15 MP: 0/0
   174 | D:1      | Reached XP level 2. HP: 17/21 MP: 0/0
   513 | D:1      | Found Memisseph's Distillery.
   595 | D:1      | Reached skill level 3 in Spellcasting
   898 | D:1      | Reached XP level 3. HP: 23/25 MP: 0/0
   898 | D:1      | Learned a level 1 spell: Freeze
  2182 | D:2      | Reached XP level 4. HP: 29/31 MP: 0/0
  2412 | D:2      | Noticed Robin
  2791 | D:2      | Found a faded altar of an unknown god.
  2926 | D:2      | Killed Robin
  2991 | D:2      | Reached skill level 4 in Spellcasting
  3212 | D:2      | Found a runed translucent door.
  3213 | D:2      | Noticed Crazy Yiuf
  3228 | D:2      | Killed Crazy Yiuf
  3229 | D:2      | Reached XP level 5. HP: 10/35 MP: 0/0
  3229 | D:2      | Learned a level 2 spell: Passwall
  3978 | D:3      | Found a stormy altar of Qazlal.
  4057 | D:3      | Found a blossoming altar of Fedhas.
  4212 | D:3      | Reached XP level 6. HP: 26/41 MP: 0/0
  4354 | D:3      | Found a sparkling altar of Nemelex Xobeh.
  4605 | D:3      | HP: 1/41 [gnoll (3)]
  4605 | D:3      | Slain by a gnoll

Illustrated notes

Levels and vault maps discovered:
D:1:      dpeg_arrival_rooms_with_view, layout_basic, serial_shops,
          nicolae_shop_waterfront, minmay_rat_gold_closets
D:2:      layout_rooms, shapermc_ecumenical_altar_mp_urbaneastern,
          minmay_fractal_squares_gapless_5, uniq_robin, uniq_crazy_yiuf_cottage
D:3:      layout_basic, mainiacjoe_overflow_small_starburst,
          amethyst_overflow_temple_binary, mainiacjoe_overflow_chevrons,
          mainiacjoe_overflow_cross_hatched, uniq_jessica

Skill      XL: |  1  2  3  4 |
---------------+-------------+-----
Spellcasting   | 3 4 |  4.7
Fighting       | |  0.6
Staves         | |  0.1
Dodging        | |  2.7
Stealth        | |  1.5

Action                   |  1- 3 |  4- 6 || total
-------------------------+-------+-------++-------
Melee: Whip              |     1 |     2 ||     3
       Short sword       |     1 |       ||     1
       Quarterstaff      |       |     6 ||     6
 Cast: Foxfire           |    77 |    84 ||   161
       Scorch            |    10 |    11 ||    21
       Inner Flame       |       |     2 ||     2
       Conjure Flame     |       |     1 ||     1
       Passwall          |       |     2 ||     2
  Use: Scroll            |     7 |     4 ||    11
Armor: Robe              |     1 |     7 ||     8
Dodge: Dodged            |    15 |    24 ||    39

Table legend: (Time is in decaauts)
 A = Elapsed time spent in this place.
 B = Non-inter-level travel time spent in this place.
 C = Inter-level travel time spent in this place.
 D = Time resting spent in this place.
 E = Time spent auto-exploring this place.
 F = Levels seen in this place.
 G = Mean time per level.
                   A        B        C        D        E       F      G
               +--------+--------+--------+--------+--------+-----+--------+
         Total |   4605 |   4549 |     56 |    578 |   3277 |   3 | 1535.0 |
       Dungeon |   4605 |   4549 |     56 |    578 |   3277 |   3 | 1535.0 |
               +--------+--------+--------+--------+--------+-----+--------+

Top non-repeatable levels by time:
     D:1: 2159 daAuts
     D:2: 1735 daAuts
     D:3: 711 daAuts
